Match 40326131
Unlisted

Match 40326131
End
Kettenkrad Recon Vehicle
Construct Infanterie Kompanie
Grenadier Squad
MG 42 Machine Gun Team
Grenadier Squad
Construct Panzergrenadier Kompanie
Panzergrenadier Squad
Selects Luftwaffe Battlegroup
Panzergrenadier Officer Quarters
Selects Reconnaissance Run
Medical Station
251 Medium Carrier
Selects Fallschirmjäger Squad Paradrop
Fallschirmjäger Squad Paradrop
Pak 40 Anti-tank Gun Team
Support Elements
StuG III G Assault Gun
Fallschirmjäger Squad Paradrop
Selects Fragmentation Bombs
Repair Bunker
Fragmentation Bombs
HulkSMASH
Havoc
SMOKO
WARNING ORDER: ZULU!!!
0
0

Comments sign in to comment!

No comments posted yet!